 Dungeon Crawl Stone Soup version 0.18-a0-1060-g4fac74f (webtiles) character file.

9412 M4edhros the Covert (level 11, -5/63 HPs)
             Began as an Octopode Artificer on Jan 12, 2016.
             Was a High Priest of Okawaru.
             Slain by a yak (16 damage)
             ... on level 10 of the Dungeon.
             The game lasted 00:26:54 (11666 turns).

M4edhros the Covert (Octopode Artificer)           Turns: 11666, Time: 00:26:55

Health: -5/63      AC: 14    Str: 10    XL:     11   Next: 46%
Magic:  16/16      EV: 14    Int: 18    God:    Okawaru [*****.]
Gold:   186        SH: 14    Dex: 13    Spells: 0 memorised, 10 levels left

rFire  . . .     SeeInvis .     G - +2 short sword (protect)
rCold  + . .     Gourm    .     w - +5 shield {AC+3}
rNeg   . . .     Faith    +     (helmet restricted)
rPois  .         Spirit   .     o - amulet of faith
rElec  .         Dismiss  .     s - ring of flight
rCorr  .         Reflect  .     P - +1 ring of protection
SustAt .         Harm     .     L - ring of wizardry
MR     .....                    (no ring)
Stlth  +++++++...               (no ring)
                                (no ring)
                                (no ring)
                                (no ring)

@: not resistant to hostile enchantments, extremely stealthy
A: almost no armour, amphibious, 8 rings, constrict 8, tentacle spike 1, slimy
green scales 1, thin metallic scales 1, camouflage 1, cold resistance 1,
mutation resistance 1, gelatinous body 1
a: Heroism, Finesse, Renounce Religion, Evoke Flight


You were on level 10 of the Dungeon.
You worshipped Okawaru.
Okawaru was extremely pleased with you.
You were not hungry.

You visited 1 branch of the dungeon, and saw 12 of its levels.
You also visited: Sewer.

You collected 487 gold pieces.
You spent 301 gold pieces at shops.

Inventory:

Hand Weapons
 b - a +0 dagger of chaos
 z - the +4 short sword "Wiro" {pierce, Dex+2}
   (Okawaru gifted it to you on level 9 of the Dungeon)

   It inflicts extra damage upon your enemies.
   It affects your dexterity (+2).
 A - a +2 hunting sling of flaming
 C - a +0 hunting sling
 G - a +2 short sword of protection (weapon)
 O - a +2 dagger of venom
 U - a +1 trident of piercing
Missiles
 d - 15 poisoned sling bullets
 e - 83 sling bullets
 i - 174 stones (quivered)
 n - 13 sling bullets of frost
 D - 5 javelins
 I - 5 throwing nets
Armour
 w - a +5 shield of protection (worn)
Jewellery
 o - an amulet of faith (around mantle)
 s - a ring of flight (left tentacle)
 L - a ring of wizardry (on tentacle)
 P - a +1 ring of protection (right tentacle)
 T - a +3 amulet of reflection
Wands
 a - a wand of random effects (0/48)
 c - a wand of enslavement (9/24)
 J - a wand of cold (3/15)
 V - a wand of polymorph (15/24)
Scrolls
 g - 7 scrolls of teleportation
 j - 2 scrolls of noise
 k - 4 scrolls of remove curse
 l - 4 scrolls of immolation
 m - 2 scrolls of magic mapping
 y - a scroll of enchant armour
 E - 3 scrolls of fear
 W - a scroll of brand weapon
Potions
 h - a potion of ambrosia
 p - a potion of haste
 r - 2 potions of might
 t - a potion of agility
 u - 5 potions of cancellation
 v - 2 potions of degeneration
 x - a potion of flight
 B - a potion of heal wounds
 H - a potion of brilliance
 M - 2 potions of magic
 N - a potion of resistance
 S - a potion of curing
Books
 K - a book of Envenomations

   Spells                             Type                      Level
   a - Spider Form                    Transmutation/Poison         3
   b - Olgreb's Toxic Radiance        Poison                       4
   c - Alistair's Intoxication        Transmutation/Poison         5
   d - Poisonous Cloud                Conjuration/Poison/Air       6
Comestibles
 f - 8 bread rations
 q - 2 meat rations
 F - 17 fruits
 R - 6 beef jerkies


   Skills:
 - Level 1.0 Fighting
 - Level 1.0 Short Blades
 * Level 9.0 Slings
 + Level 8.2 Dodging
 * Level 12.7 Stealth
 * Level 6.3 Shields
 + Level 7.7 Evocations


You had 10 spell levels left.
You didn't know any spells.

Dungeon Overview and Level Annotations

Branches:
Dungeon (12/15)            Temple (0/1) D:7            Lair (0/8) D:9
    Orc (0/2) D:9

Altars:
Dithmenos
Elyvilon
Fedhas
Gozag
Makhleb
Nemelex Xobeh
Okawaru
Pakellas
Qazlal
Ru
Sif Muna
Vehumet
Xom
Zin

Shops:
D:4 (   D:5 [   D:7 *   D:11 (   D:12 (

Annotations:
D:7 exclusion: statue


Innate Abilities, Weirdness & Mutations

You cannot wear most types of armour.
You are amphibious.
You can wear up to eight rings at the same time.
You can use your tentacles to constrict eight enemies at once.
Your skin changes colour to match your surroundings (Stealth).
Your rubbery body absorbs attacks (AC +1).
One of your tentacles bears a spike.
You are partially covered in slimy green scales (AC +2).
You are partially covered in thin metallic scales (AC +2).
Your flesh is cold resistant.
You are somewhat resistant to further mutation.


Message History

The yak gores you!
You hit the yak.
Your tentacle spike misses the yak.
The yak is heavily wounded.
You block the yak's attack.
You hit the yak but do no damage.
The yak is heavily wounded.
The yak gores you!
You barely miss the yak.
You pierce the yak, but do no damage.
The yak is heavily wounded.
You block the yak's attack. The yak gores you!
* * * LOW HITPOINT WARNING * * *
You are too injured to fight recklessly!
You hit the yak. You squeeze the yak!
The yak is severely wounded.
The yak barely misses you.
You are too injured to fight recklessly!
You hit the yak.
Your tentacle spike misses the yak.
The yak is almost dead.
The yak gores you!
You die...

##...#### #......#
#......# # #......#
+. #......# ..
#......# #.##
#......#
#...##......#
#.@Y......# # ##
####......# +.#.
#......# #.#.##
#......# #.....
#####.## ##..#####
#....#
#.......######'######
#.......'..##.......#
##
#.......##.##.......#


You could see a yak.

Vanquished Creatures
  Urug (D:11)
  Psyche (D:9)
  Sigmund (D:6)
  A komodo dragon (D:9)
  2 trolls
  Grinder (D:5)
  6 yaks
  A wyvern (D:9)
  Eustachio (D:5)
  A hog (D:6)
  2 hungry ghosts
  2 hippogriffs
  Grum (D:9)
  4 wolves (D:9)
  A soldier ant (D:11)
  A water moccasin (D:7)
  3 orc warriors
  2 black bears
  4 ice beasts
  2 phantoms
  An eye of draining (D:10)
  5 ogres
  4 sky beasts
  4 centaurs
  The ghost of M4edhros the Charlatan, an amateur OpAr (D:4)
  2 giant frogs
  A wyvern zombie (D:8)
  3 scorpions
  5 killer bees (D:9)
  8 wights
  2 crimson imps
  2 centaur zombies
  A quasit (D:8)
  5 orc wizards
  5 orc priests
  6 hounds
  A centaur skeleton (D:9)
  2 iguanas
  Natasha (thrice) (D:4)
  5 worker ants
  A killer bee zombie (D:7)
  A hound skeleton (D:4)
  A worker ant zombie (D:6)
  4 gnolls (D:3)
  10 adders
  2 river rats (Sewer)
  A shadow imp (D:9)
  An ooze (D:2)
  3 adder skeletons
  3 worms (D:2)
  8 giant geckos
  13 orcs
  11 giant cockroaches
  6 goblins
  10 hobgoblins
  11 jackals
  4 quokkas
  6 ball pythons
  7 bats
  13 giant newts
  10 kobolds
  22 rats
252 creatures vanquished.

Vanquished Creatures (collateral kills)
  A giant frog (D:6)
  2 orc wizards (D:6)
  An orc priest (D:6)
4 creatures vanquished.

Vanquished Creatures (others)
  A plant (D:9)
1 creature vanquished.

Grand Total: 257 creatures vanquished

Notes
Turn   | Place    | Note
--------------------------------------------------------------
     0 | D:1      | M4edhros the Octopode Artificer began the quest for the Orb.
     0 | D:1      | Reached XP level 1. HP: 13/13 MP: 3/3
   172 | D:1      | Reached XP level 2. HP: 12/18 MP: 4/4
   814 | D:2      | Reached XP level 3. HP: 15/23 MP: 5/5
  1117 | D:3      | Found a glowing drain.
  1136 | Sewer    | Entered a sewer
  1148 | Sewer    | Reached XP level 4. HP: 23/28 MP: 6/6
  1202 | Sewer    | Reached skill level 4 in Stealth
  1621 | D:4      | Noticed M4edhros's ghost (amateur OpAr)
  1684 | D:4      | Found an iron altar of Okawaru.
  1715 | D:4      | Killed M4edhros's ghost
  1715 | D:4      | Reached XP level 5. HP: 33/33 MP: 6/8
  1982 | D:4      | Reached skill level 5 in Stealth
  2005 | D:4      | Found an oddly glowing altar of Pakellas.
  2070 | D:4      | Reached skill level 1 in Slings
  2070 | D:4      | Reached XP level 6. HP: 33/38 MP: 9/9
  2129 | D:4      | Became a worshipper of Warmaster Okawaru
  2158 | D:4      | Found Ihesob's Weapon Shop.
  3069 | D:3      | You fall through a shaft for 2 floors!
  3069 | D:5      | Entered Level 5 of the Dungeon
  3279 | D:4      | Noticed Natasha
  3290 | D:4      | Killed Natasha
  3305 | D:4      | Noticed Natasha
  3311 | D:4      | Killed Natasha
  3793 | D:4      | Noticed Natasha
  3798 | D:4      | Killed Natasha
  3798 | D:4      | Reached XP level 7. HP: 43/43 MP: 10/10
  3938 | D:5      | Found a blossoming altar of Fedhas.
  4055 | D:5      | Reached * piety under Okawaru
  4055 | D:5      | Reached skill level 6 in Stealth
  4073 | D:5      | Noticed Grinder
  4246 | D:5      | Killed Grinder
  4246 | D:5      | Reached skill level 5 in Dodging
  4257 | D:5      | Found Sawnaix's Armour Boutique.
  4290 | D:5      | Noticed Eustachio
  4299 | D:5      | Found a shadowy altar of Dithmenos.
  4310 | D:5      | Killed Eustachio
  4310 | D:5      | Reached skill level 7 in Stealth
  4310 | D:5      | Reached skill level 5 in Evocations
  4310 | D:5      | Reached XP level 8. HP: 33/48 MP: 11/11
  4350 | D:5      | Found a sacrificial altar of Ru.
  4354 | D:5      | Found a blossoming altar of Fedhas.
  4355 | D:5      | Found a white marble altar of Elyvilon.
  4356 | D:5      | Found an opulent altar of Gozag.
  4381 | D:5      | Reached ** piety under Okawaru
  4515 | D:6      | Gained mutation: You occasionally shout uncontrollably at your foes. [mutagenic meat]
  4777 | D:6      | Noticed Sigmund
  4794 | D:6      | HP: 1/48 [something (11)]
  5044 | D:6      | Reached skill level 8 in Stealth
  5049 | D:6      | Gained mutation: You are occasionally teleported next to monsters. [mutagenic meat]
  5050 | D:6      | Gained mutation: Your body sometimes deteriorates upon taking damage. [mutagenic meat]
  5051 | D:6      | Gained mutation: You are partially covered in slimy green scales (AC +2). [mutagenic meat]
  5052 | D:6      | Gained mutation: You are partially covered in thin metallic scales (AC +2). [mutagenic meat]
  5080 | D:6      | Killed Sigmund
  5080 | D:6      | Reached skill level 5 in Slings
  5081 | D:6      | Reached XP level 9. HP: 23/53 MP: 13/13
  5965 | D:6      | Reached *** piety under Okawaru
  6021 | D:6      | Reached skill level 9 in Stealth
  6092 | D:6      | Gained mutation: You tend to lose your temper in combat. [mutagenic meat]
  6093 | D:6      | Gained mutation: You possess an exceptional clarity of mind. [mutagenic meat]
  6164 | D:6      | Lost mutation: You occasionally shout uncontrollably at your foes. [potion of cure mutation]
  6164 | D:6      | Lost mutation: You are occasionally teleported next to monsters. [potion of cure mutation]
  6164 | D:6      | Lost mutation: You possess an exceptional clarity of mind. [potion of cure mutation]
  6164 | D:6      | Lost mutation: You tend to lose your temper in combat. [potion of cure mutation]
  6217 | D:5      | Bought a +2 shield of protection for 301 gold pieces
  6291 | D:7      | Found a sparkling altar of Nemelex Xobeh.
  6357 | D:7      | Found Deffeqacve's Assorted Antiques.
  6409 | D:7      | Found a staircase to the Ecumenical Temple.
  6449 | D:7      | Noticed an angel
  6449 | D:7      | Found a shimmering altar of Xom.
  6450 | D:7      | Found a glowing silver altar of Zin.
  6495 | D:7      | Reached skill level 1 in Shields
  6542 | D:7      | Found a deep blue altar of Sif Muna.
  6664 | D:7      | Found a radiant altar of Vehumet.
  6860 | D:7      | Reached skill level 10 in Stealth
  6872 | D:7      | Found a burning altar of Makhleb.
  6965 | D:7      | Reached **** piety under Okawaru
  7111 | D:7      | HP: 1/53 [ogre/giant club (15)]
  7615 | D:8      | Reached XP level 10. HP: 52/58 MP: 14/14
  7759 | D:8      | Found a stormy altar of Qazlal.
  8824 | D:8      | Reached skill level 11 in Stealth
  9046 | D:8      | Lost mutation: Your body sometimes deteriorates upon taking damage. [potion of mutation]
  9046 | D:8      | Gained mutation: You are partially covered in yellow scales (AC +2). [potion of mutation]
  9046 | D:8      | Gained mutation: One of your tentacles bears a spike. [potion of mutation]
  9354 | D:9      | Noticed Psyche
  9356 | D:9      | Killed Psyche
  9582 | D:9      | Found a staircase to the Orcish Mines.
  9688 | D:9      | Reached ***** piety under Okawaru
  9852 | D:9      | Gained mutation: You are somewhat resistant to further mutation. [mutagenic meat]
  9855 | D:9      | Gained mutation: Your flesh is cold resistant. [mutagenic meat]
  9856 | D:9      | Lost mutation: You are partially covered in yellow scales (AC +2). [mutagenic meat]
  9999 | D:9      | Found a staircase to the Lair.
 10293 | D:9      | Received a gift from Okawaru
 10310 | D:9      | Noticed Grum
 10318 | D:9      | Received a gift from Okawaru
 10322 | D:9      | Killed Grum
 10322 | D:9      | Reached skill level 5 in Shields
 10333 | D:9      | Got a smoking short sword {god gift}
 10334 | D:9      | Identified the +4 short sword "Wiro" {pierce, Dex+2} (Okawaru gifted it to you on level 9 of the Dungeon)
 10376 | D:9      | Reached skill level 12 in Stealth
 10491 | D:9      | You fall through a shaft for 3 floors!
 10520 | D:12     | Found Jatuep's Antique Weapon Shoppe.
 10557 | D:12     | Noticed a purple ugly thing
 10579 | D:11     | Reached XP level 11. HP: 40/63 MP: 16/16
 10968 | D:11     | Noticed Urug
 11204 | D:11     | Noticed a hill giant
 11222 | D:11     | Found Juwev's Antique Weapon Shoppe.
 11226 | D:11     | Noticed a six-headed hydra
 11247 | D:11     | Killed Urug
 11339 | D:11     | Noticed a green ugly thing
 11356 | D:11     | Noticed a purple ugly thing
 11397 | D:10     | Entered Level 10 of the Dungeon
 11653 | D:10     | Received a gift from Okawaru
 11666 | D:10     | Slain by a yak

Vault maps used:
D:1:      dpeg_arrival_court, minmay_bisected
D:2:      first_bread, minmay_mini_jars
D:3:      portal_sewer_entry_f, serial_forest, infiniplex_forest_clump_double,
          infiniplex_forest_straight_5, infiniplex_forest_lined_1,
          infiniplex_forest_end_2, infiniplex_forest_corner_1
D:4:      lemuel_crystal_altar, grunt_pakellas_mercury, serial_shops,
          shop_fountains, minmay_close_crescents, uniq_natasha
D:5:      minitemple, serial_shops, shop, fedhas_altar_fruit_tree,
          uniq_eustachio, uniq_grinder
D:6:      uniq_sigmund
D:7:      grunt_temple_overflow_order_and_chaos_1, vehumet_statue,
          kennysheep_mini_moat, lemuel_doored_altar, lemuel_blue_sif_altar,
          minmay_temple_entry_junction2, serial_shops, shop_fountains,
          serial_co_window_serial, co_window_of_opportunity_a,
          co_window_of_opportunity_a, co_window_paths_b, co_window_cross_1,
          co_window_paths_a, co_window_corner_a, co_window_of_opportunity_c,
          co_window_broadway_c, co_window_broadway_a, co_window_corner_b,
          co_window_4corner_b, glass_columns_a, glass_columns_b,
          glass_columns_c, grunt_ogre_cave
D:8:      nicolae_qazlal_general_emergency, kennysheep_another_room,
          kennysheep_nub, grunt_decor_arrowhead
D:9:      david_lair_shrubbed, orc_0_dummy, uniq_grum, uniq_psyche
D:10:     uniq_erolcha
D:11:     special_room, serial_shops, nicolae_shop_overgrown_old_shop,
          uniq_urug, uniq_erica
D:12:     serial_shops, shop
Sewer:    sewer_co_cracked_pipes

Action                   |  1- 3 |  4- 6 |  7- 9 | 10-12 || total
-------------------------+-------+-------+-------+-------++-------
Melee: Short sword       |    75 |   141 |   239 |   537 ||   992
 Fire: Hunting sling     |       |       |    16 |     3 ||    19
Invok: Heroism           |       |       |       |     2 ||     2
Evoke: Wand              |       |     1 |    34 |    12 ||    47
  Use: Scroll            |       |     3 |     4 |    13 ||    20
       Potion            |       |       |    20 |     3 ||    23
 Stab: Sleeping          |    15 |    31 |    13 |    24 ||    83
       Paralysed         |       |     2 |       |       ||     2
  Eat: Chunk             |       |     3 |    22 |    18 ||    43
       Meat ration       |       |     1 |     1 |     1 ||     3
       Beef jerky        |       |       |       |     1 ||     1
